Map: [ESL] Data-C

Players

Vindicta

  • Race: Terran Terran
  • Spawn Location: 3:00

MaNa - Winner!

  • Race: Protoss Protoss
  • Spawn Location: 9:00

Event: DreamHack SC2 Masters 2022 Valencia

VOD

Have the link to the VOD?

Description

Time

  • Played on: July 1, 2022, 11:29 a.m.
  • Length: 13:51

All games in this series

Show
View Real Time Build Order
Export as new Build Order

Vindicta Terran 

Build Orders: Reaper Expand 

Get SALT Encoding   

  12  0:00  SCV  
  13  0:12  SCV  
  14  0:17  Supply Depot  
  14  0:24  SCV  
  15  0:39  SCV  
  15  0:41  Barracks  
  16  0:44  Refinery  
  16  0:51  SCV  
  17  1:03  SCV  
  18  1:15  SCV  
  19  1:28  Orbital Command, Reaper  
  20  1:49  Command Center  
  20  1:58  Supply Depot  
  20  1:59  SCV  
  20  2:00  Marine  
  22  2:09  Factory  
  22  2:13  SCV  
  23  2:20  Marine  
  23  2:21  Bunker  
  24  2:25  SCV  
  25  2:32  Refinery  
  25  2:38  Barracks Reactor  
  25  2:39  SCV  
  25  2:52  SCV  
  25  2:53  Hellion  
  28  2:58  Starport  
  28  3:00  Orbital Command  
  28  3:04  SCV  
  29  3:14  Marine x2  
  29  3:16  SCV  
  29  3:17  Factory Tech Lab  
  33  3:27  SCV  
  33  3:30  Barracks  
  33  3:32  Marine  
  35  3:38  Marine  
  35  3:40  SCV  
  36  3:42  Factory Tech Lab  
  36  3:45  Raven  
  36  3:47  SCV  
  39  3:50  Supply Depot  
  39  3:51  Marine  
  39  3:52  SCV  
  41  3:57  Barracks  
  41  3:59  SCV  
  42  4:07  Siege Tank  
  45  4:10  SCV  
  45  4:12  SCV  
  45  4:15  Marine, Supply Depot  
  46  4:22  SCV, Marine  
  48  4:25  SCV  
  49  4:33  Marine  
  49  4:34  SCV  
  49  4:35  Engineering Bay, Marine  
  49  4:36  Stimpack  
  52  4:38  SCV  
  52  4:40  Starport Reactor  
  52  4:41  Refinery  
  53  4:46  SCV  
  53  4:50  Marine  
  53  4:51  SCV, Supply Depot  
  56  4:53  Marine x2  
  56  4:54  Combat Shield  
  56  4:58  SCV  
  59  5:01  Supply Depot  
  59  5:02  Marauder  
  59  5:03  SCV  
  62  5:13  Marine x3  
  65  5:15  Supply Depot  
  65  5:16  Refinery  
  65  5:17  SCV, Factory Reactor  
  68  5:24  Terran Infantry Weapons Level 1  
  68  5:26  Marine  
  68  5:30  SCV  
  68  5:31  Marauder  
  68  5:34  Medivac  
  73  5:35  Supply Depot  
  73  5:39  Missile Turret  
  70  5:44  SCV, Missile Turret  
  70  5:45  Medivac  
  70  5:47  Missile Turret, Marine x2  
  75  5:53  Marauder  
  75  5:54  Marauder  
  75  5:56  SCV  
  81  5:59  Widow Mine  
  81  6:02  Widow Mine  
  84  6:06  Missile Turret  
  84  6:09  SCV  
  86  6:14  Medivac  
  86  6:15  Concussive Shells  
  86  6:17  Marauder  
  89  6:19  Supply Depot  
  89  6:21  Widow Mine  
  89  6:23  SCV x2  
  89  6:25  Marine x2  
  87  6:34  Medivac  
  87  6:42  Marauder  
  87  6:46  Marine  
  92  6:49  Command Center  
  92  6:53  Marine  
  91  6:55  SCV  
  91  6:57  SCV  
  91  7:01  Supply Depot  
  91  7:02  Supply Depot  
  91  7:03  Marine  
  93  7:08  SCV  
  93  7:09  Marine  
  93  7:11  Barracks, SCV  
  93  7:12  Barracks  
  93  7:14  Widow Mine  
  97  7:20  SCV, Marine  
  100  7:23  Medivac  
  100  7:24  Supply Depot  
  100  7:25  Medivac  
  100  7:26  SCV  
  100  7:28  Terran Infantry Armor Level 1  
  100  7:29  Marine  
  102  7:34  Widow Mine  
  102  7:36  Marauder  
  107  7:41  Marine  
  109  7:44  SCV  
  109  7:48  SCV  
  109  7:50  Marauder  
  112  7:56  Viking, SCV  
  112  7:58  Viking, Marauder  
  117  8:02  Barracks Reactor  
  117  8:04  SCV  
  119  8:07  Missile Turret  
  119  8:08  Barracks Tech Lab  
  119  8:15  Widow Mine x2  
  119  8:16  SCV  
  119  8:18  SCV  
  127  8:24  Marine  
  127  8:25  Marine, Marauder  
  127  8:26  Orbital Command  
  129  8:27  Marine  
  129  8:30  Viking  
  132  8:37  Widow Mine  
  132  8:38  Supply Depot x2  
  132  8:39  Marauder  
  132  8:41  SCV x2  
  138  8:42  Marine  
  138  8:46  Marauder  
  139  8:49  Refinery  
  139  8:51  Viking  
  139  8:52  Marauder  
  139  8:53  SCV  
  133  9:00  Viking  
  124  9:03  Marine  
  124  9:04  Marauder  
  124  9:07  Orbital Command  
  124  9:08  SCV  
  107  9:10  Marine  
  107  9:15  SCV  
  102  9:18  Marine  
  102  9:19  Marine x2, Marauder  
  102  9:20  Viking  
  102  9:21  Marine  
  102  9:25  Marine  
  102  9:27  SCV, Widow Mine  
  102  9:30  Viking, Marine  
  109  9:34  SCV  
  109  9:36  SCV  
  109  9:38  Marine x2  
  114  9:41  SCV  
  114  9:42  Marine  
  114  9:44  Marauder  
  114  9:45  Refinery, Marine  
  118  9:46  SCV, Marine  
  118  9:49  Marine  
  122  9:54  Viking  
  125  10:01  Ghost Academy  
  125  10:03  Reaper, Marauder  
  125  10:05  Widow Mine x2  
  130  10:07  Marine x2  
  130  10:08  Marine  
  130  10:10  Sensor Tower  
  130  10:11  Marauder  
  134  10:15  Bunker  
  134  10:20  Supply Depot  
  134  10:21  Missile Turret  
  134  10:22  Supply Depot, Marauder  
  134  10:25  Viking  
  138  10:30  Marauder  
  138  10:31  Enhanced Shockwaves  
  140  10:40  Supply Depot  
  140  10:41  Ghost  
  140  10:42  Ghost  
  142  11:04  SCV x3  
  143  11:10  Ghost  
  147  11:12  Armory  
  147  11:13  Engineering Bay  
  147  11:16  Command Center  
  147  11:19  Viking x2  
  147  11:20  SCV, Missile Turret  
  147  11:22  Missile Turret  
  147  11:25  Marauder  
  154  11:34  Supply Depot  
  155  11:40  SCV  
  155  11:42  SCV  
  155  11:43  Fusion Core  
  155  11:44  Marauder  
  155  11:45  Starport  
  155  11:46  SCV  
  157  11:48  Marauder  
  157  11:51  Supply Depot  
  159  12:03  Marine  
  159  12:04  Marine  
  159  12:05  Marine  
  162  12:10  Marine  
  162  12:11  Missile Turret  
  162  12:12  Marine  
  162  12:13  Marauder  
  164  12:16  SCV  
  164  12:17  Ghost  
  162  12:27  Liberator  
  162  12:29  Liberator  
  164  12:35  Marauder x2  
  168  12:37  Marine  
  167  12:44  Viking, SCV  
  169  12:54  SCV x2  
  162  12:59  SCV  
  162  13:01  Bunker  
  159  13:06  SCV  
  159  13:07  SCV  
  159  13:11  SCV  
  161  13:13  Marauder  
  162  13:23  Starport Reactor  
  162  13:25  Marauder  
Show
View Real Time Build Order
Export as new Build Order

MaNa Protoss - Winner!

Build Orders: 1 Gate Expand, Phoenix Opening, Colossus Rush 

Get SALT Encoding   

  12  0:00  Probe  
  13  0:12  Probe  
  14  0:17  Pylon  
  14  0:24  Probe (Chrono Boost)  
  15  0:36  Probe (Chrono Boost), Gateway  
  16  0:43  Probe (Chrono Boost)  
  16  0:45  Assimilator  
  17  0:50  Probe  
  18  1:03  Probe  
  19  1:15  Probe  
  20  1:23  Cybernetics Core  
  20  1:35  Nexus  
  20  1:43  Pylon  
  20  1:46  Probe  
  21  1:53  Assimilator  
  20  1:58  Probe  
  20  1:59  Adept (Chrono Boost)  
  23  2:10  Warp Gate, Probe  
  24  2:19  Stalker (Chrono Boost)  
  24  2:22  Probe  
  27  2:34  Probe  
  28  2:39  Twilight Council  
  28  2:49  Probe (Chrono Boost), Stargate  
  28  2:50  Stalker  
  31  2:51  Probe (Chrono Boost)  
  32  3:01  Probe (Chrono Boost)  
  32  3:02  Probe (Chrono Boost)  
  34  3:08  Probe  
  34  3:10  Probe  
  36  3:20  Probe  
  36  3:23  Probe  
  38  3:31  Gateway  
  38  3:32  Phoenix (Chrono Boost)  
  38  3:33  Probe  
  41  3:35  Probe  
  41  3:37  Robotics Facility  
  42  3:45  Probe  
  42  3:47  Probe  
  44  3:50  Phoenix (Chrono Boost)  
  46  4:02  Assimilator  
  46  4:07  Assimilator  
  46  4:08  Pylon  
  46  4:22  Pylon  
  46  4:26  Observer, Probe x2, Phoenix (Chrono Boost)  
  46  4:27  Nexus  
  51  4:31  Pylon  
  51  4:38  Probe x2  
  53  4:48  Phoenix (Chrono Boost)  
  53  4:50  Probe x2  
  57  4:55  Robotics Bay  
  57  5:02  Probe x2  
  57  5:06  Immortal (Chrono Boost)  
  59  5:11  Sentry  
  65  5:15  Probe x2  
  65  5:18  Pylon  
  67  5:27  Probe x2  
  69  5:34  Pylon  
  69  5:38  Colossus (Chrono Boost)  
  69  5:39  Probe  
  69  5:41  Probe  
  77  5:44  Shield Battery  
  77  5:49  Probe  
  78  5:51  Probe  
  78  5:52  Phoenix  
  78  5:55  Twilight Council  
  81  5:59  Probe  
  81  6:01  Probe  
  83  6:10  Probe  
  83  6:11  Probe  
  85  6:16  Probe  
  86  6:22  Probe, Gateway x2  
  86  6:25  Colossus  
  93  6:28  Zealot x2  
  97  6:36  Shield Battery  
  97  6:37  Charge  
  97  6:41  Gateway x2  
  97  6:45  Probe x3  
  100  6:52  Phoenix  
  100  6:57  Probe  
  101  7:01  Pylon  
  101  7:02  Pylon  
  101  7:04  Pylon  
  101  7:11  Gateway  
  101  7:13  Shield Battery  
  101  7:15  Pylon  
  101  7:19  Colossus (Chrono Boost), Phoenix, Forge  
  103  7:24  Zealot x3  
  103  7:27  Zealot  
  103  7:28  Probe  
  118  7:32  Pylon  
  118  7:39  Gateway  
  118  7:45  Zealot x5  
  118  7:49  Protoss Ground Weapons Level 1  
  118  7:50  Sentry  
  130  7:52  Probe x2  
  130  7:57  Photon Cannon  
  132  8:06  Photon Cannon  
  132  8:10  Nexus  
  132  8:12  Pylon  
  132  8:26  Zealot x4  
  140  8:29  Extended Thermal Lance  
  140  8:36  Zealot x4  
  140  8:37  Probe  
  149  8:42  Probe  
  128  8:56  Zealot x2  
  128  8:57  Zealot x6  
  128  8:58  Probe  
  133  9:04  Probe  
  133  9:05  Probe  
  119  9:13  Observer  
  107  9:18  Stalker x4  
  107  9:19  Stalker x4  
  107  9:27  Probe x2  
  107  9:32  Warp Prism (Chrono Boost)  
  107  9:33  Robotics Facility  
  107  9:34  Templar Archives  
  109  9:39  Probe  
  109  9:43  Sentry x2, Zealot x4  
  122  9:47  Blink (Chrono Boost)  
  122  9:54  Stalker  
  122  9:55  Stalker  
  122  9:57  Probe x2  
  128  10:03  Protoss Ground Armor Level 1 (Chrono Boost)  
  128  10:04  Colossus (Chrono Boost)  
  131  10:11  Forge  
  131  10:14  High Templar x2  
  136  10:15  Assimilator  
  136  10:18  Colossus (Chrono Boost), Archon, Assimilator  
  136  10:19  Assimilator  
  138  10:21  Assimilator  
  144  10:40  Zealot x6  
  154  10:44  Disruptor  
  150  10:54  Disruptor  
  149  10:57  Protoss Ground Weapons Level 2 (Chrono Boost)  
  149  11:02  Zealot x8  
  157  11:06  Pylon  
  157  11:08  Pylon  
  158  11:11  Photon Cannon, Pylon  
  158  11:12  Disruptor  
  158  11:13  Shield Battery  
  158  11:14  Shield Battery  
  158  11:16  Shield Battery  
  158  11:19  Pylon  
  158  11:20  Disruptor  
  158  11:22  Observer  
  161  11:27  Gateway  
  161  11:28  Observer  
  161  11:29  Gateway  
  161  11:30  Gateway  
  162  11:38  Robotics Facility  
  162  11:48  Probe x3  
  165  11:55  Stalker x3  
  165  11:56  Stalker x5  
  165  11:58  Disruptor  
  184  12:08  Disruptor  
  184  12:26  Zealot x6  
  190  12:36  Zealot x3  
  190  12:55  Disruptor x2  
  188  13:00  Zealot x6  
  196  13:13  Nexus  
  196  13:14  Pylon  
  184  13:33  Zealot x5  
  184  13:34  Zealot x4  

Tags
 
Add a new tag
Caveats
  • Supply blocks, unpowered buildings, or Contaminate may cause inaccurate times.
  • Supply counts are checked every 10 seconds.